Map: King Sejong Station LE

Players

llllllllllll - Winner!

  • Race: Terran Terran
  • League: Master

IIIIIIIIIIII

  • Race: Protoss Protoss
  • League: Grandmaster

VOD

Have the link to the VOD?

Description

Time

  • Played on: Aug. 4, 2016, 3:36 a.m.
  • Length: 4:47
Show
View Real Time Build Order
Export as new Build Order

llllllllllll Terran - Winner!

Build Orders:  

Get SALT Encoding   

  12  0:01  SCV  
  13  0:14  SCV  
  14  0:19  Supply Depot  
  14  0:26  SCV  
  15  0:31  Refinery  
  15  0:40  SCV  
  16  0:47  Barracks  
  16  0:53  SCV  
  17  1:05  SCV  
  18  1:17  SCV  
  20  1:35  Factory  
  20  1:37  Marine  
  20  1:38  Orbital Command  
  20  1:43  Barracks  
  20  1:51  Refinery  
  20  1:55  Barracks Reactor  
  20  1:58  Supply Depot  
  20  2:04  SCV  
  21  2:17  SCV  
  21  2:20  Widow Mine  
  24  2:29  SCV  
  25  2:30  Marine  
  25  2:31  Starport  
  25  2:33  Marine  
  25  2:35  Marine  
  28  2:42  Supply Depot  
  28  2:55  SCV  
  28  2:56  Marine x2  
  31  3:03  Marine  
  32  3:07  Medivac  
  36  3:16  Marine  
  36  3:19  SCV, Supply Depot  
  38  3:20  Marine  
  39  3:31  Factory Tech Lab  
  39  3:32  Marine  
  38  3:44  Medivac  
  38  3:45  Marine x2  
  42  3:52  Marine  
  42  3:53  Supply Depot  
  43  3:57  Siege Tank  
  44  4:03  Marine  
  44  4:06  Marine  
  47  4:24  SCV  
  47  4:29  Marine x3  
  54  4:33  Supply Depot  
Show
View Real Time Build Order
Export as new Build Order

IIIIIIIIIIII Protoss 

Build Orders: 1 Gate Expand 

Get SALT Encoding   

  12  0:01  Probe (Chrono Boost)  
  13  0:12  Probe (Chrono Boost)  
  14  0:17  Pylon  
  14  0:22  Probe (Chrono Boost)  
  16  0:35  Probe (Chrono Boost)  
  16  0:36  Gateway  
  16  0:43  Assimilator  
  16  0:46  Probe (Chrono Boost)  
  17  0:56  Probe (Chrono Boost)  
  18  1:07  Probe (Chrono Boost)  
  19  1:19  Nexus  
  19  1:22  Probe (Chrono Boost)  
  20  1:33  Cybernetics Core  
  20  1:35  Probe (Chrono Boost)  
  21  1:40  Assimilator  
  21  1:45  Probe (Chrono Boost)  
  22  1:52  Pylon  
  22  1:56  Probe (Chrono Boost)  
  23  2:10  Stalker  
  23  2:15  Mothership Core (Chrono Boost)  
  27  2:27  Pylon  
  27  2:32  Pylon  
  27  2:33  Probe (Chrono Boost)  
  27  2:35  Pylon  
  28  2:39  Robotics Facility  
  28  2:42  Probe (Chrono Boost)  
  29  2:52  Probe (Chrono Boost)  
  29  2:54  Probe (Chrono Boost)  
  30  3:02  Probe (Chrono Boost)  
  30  3:05  Probe (Chrono Boost)  
  32  3:08  Twilight Council  
  32  3:13  Probe (Chrono Boost)  
  32  3:15  Probe (Chrono Boost)  
  34  3:24  Observer  
  34  3:25  Probe (Chrono Boost)  
  34  3:26  Probe (Chrono Boost)  
  36  3:37  Probe x2 (Chrono Boost)  
  36  3:39  Gateway  
  36  3:40  Immortal  
  38  3:47  Probe (Chrono Boost)  
  43  3:59  Probe (Chrono Boost)  
  43  4:00  Probe (Chrono Boost)  
  41  4:09  Probe (Chrono Boost)  
  42  4:12  Probe (Chrono Boost)  
  42  4:13  Gateway  
  42  4:15  Pylon  
  43  4:20  Probe (Chrono Boost)  
  45  4:24  Probe (Chrono Boost)  
  45  4:25  Pylon  
Tags
 
Add a new tag
Caveats
  • Supply blocks, unpowered buildings, or Contaminate may cause inaccurate times.
  • Supply counts are checked every 10 seconds.